 Dungeon Crawl Stone Soup version 0.23.1 (webtiles) character file.

Game seed: 13295825128869356192

49 PentaManta the Charlatan (level 4, 0/27 HPs)
             Began as a Kobold Artificer on Mar 14, 2019.
             Slain by a gnoll
             ... wielding a +0 spear
              (7 damage)
             ... on level 2 of the Dungeon.
             The game lasted 00:03:34 (1118 turns).

PentaManta the Charlatan (Kobold Artificer)         Turns: 1118, Time: 00:03:34

Health: 0/27       AC:  4    Str:  9    XL:     4   Next: 2%
Magic:  6/6        EV: 14    Int: 12    God:
Gold:   40         SH:  0    Dex: 16    Spells: 3/3 levels left

rFire    . . .     SeeInvis .   a - +0 short sword
rCold    . . .     Gourm    .   (shield restricted)
rNeg     + . .     Faith    .   b - +0 leather armour
rPois    .         Spirit   .   i - +0 hat
rElec    .         Reflect  .   (no cloak)
rCorr    .         Harm     .   n - +0 pair of gloves
MR       .....                  (no boots)
Stlth    ++........             (no amulet)
HPRegen  0.09/turn              h - ring of positive energy
MPRegen  0.10/turn              (no ring)

@: no status effects
A: small, carnivore
a: no special abilities


You were on level 2 of the Dungeon.
You were completely stuffed.

You visited 1 branch of the dungeon, and saw 2 of its levels.

You collected 40 gold pieces.

Inventory:

Hand Weapons
 a - a +0 short sword (weapon)
Armour
 b - a +0 leather armour (worn)
 i - a +0 hat (worn)
 n - a +0 pair of gloves (worn)
Jewellery
 h - a ring of positive energy (left hand)
 l - a cursed -2 ring of protection {unknown}
Wands
 c - a wand of flame (13)
 d - a wand of enslavement (15)
 e - a wand of random effects (15)
 q - a wand of iceblast (6)
Scrolls
 k - a scroll of identify {unknown}
 m - a scroll of enchant armour {unknown}
 p - a scroll of remove curse {unknown}
Potions
 j - a potion of heal wounds {unknown}
 o - a potion of cancellation {unknown}
Comestibles
 f - a ration


   Skills:
 + Level 2.8 Fighting
 + Level 3.4 Short Blades
 - Level 2.4 Dodging
 - Level 1.3 Stealth
 - Level 3.6 Evocations


You had 3 spell levels left.
You didn't know any spells.
Your spell library was empty.

Dungeon Overview and Level Annotations

Branches:
Dungeon (2/15)

Altars:


Innate Abilities, Weirdness & Mutations

You are small and have problems with some larger weapons.
You are carnivorous and can eat meat at any time.


Message History

The goblin closely misses you.
You hit the goblin.
You kill the goblin!
A gnoll comes into view. It is wielding a +0 spear.
You see here a goblin corpse.
There is an open door here.
There is a stone staircase leading down here.
The gnoll hits you from afar with a +0 spear.
The gnoll hits you with a +0 spear.
You closely miss the gnoll. The gnoll misses you.
You barely miss the gnoll. The gnoll hits you with a +0 spear.
You hit the gnoll but do no damage. The gnoll barely misses you.
You hit the gnoll.
The gnoll is lightly wounded.
The gnoll hits you with a +0 spear.
* * * LOW HITPOINT WARNING * * *
You hit the gnoll.
The gnoll is moderately wounded.
The gnoll hits you with a +0 spear!
You die...

# ######### #
#.......#
########.#####.###
...##....##......#
............##.#.#
..........#.##รท#.#
..........####)#<#
...##..........#####
...............g@.>#
....#####.##########
........#.#
...####.#.#
...####...#
.......(..#
..........#
..#........#
..#........#


You could see a gnoll.

Vanquished Creatures
  A gnoll (D:2)
  An adder (D:2)
  3 bats (D:1)
  3 giant cockroaches (D:1)
  6 goblins
  4 hobgoblins
  4 jackals (D:1)
  A kobold (D:1)
  A frilled lizard (D:1)
  A rat (D:1)
25 creatures vanquished.

Notes
Turn   | Place    | Note
-------+----------+-------------------------------------------
     0 | D:1      | PentaManta the Kobold Artificer began the quest for the
                  | Orb.
     0 | D:1      | Reached XP level 1. HP: 12/12 MP: 3/3
   134 | D:1      | Reached XP level 2. HP: 17/17 MP: 4/4
   554 | D:1      | Reached XP level 3. HP: 20/21 MP: 5/5
  1065 | D:2      | Reached XP level 4. HP: 27/27 MP: 6/6
  1118 | D:2      | Slain by a gnoll

Skill      XL: |  1  2  3 |
---------------+----------+-----
Short Blades   | 2 3 |  3.4
Fighting       | 2 |  2.8
Dodging        | |  2.4
Stealth        | |  1.3
Evocations     | |  3.6

Action                   |  1- 3 |  4- 6 || total
-------------------------+-------+-------++-------
Melee: Short sword       |    89 |    10 ||    99
Throw: Tomahawk          |    18 |       ||    18
Evoke: Wand              |     2 |       ||     2
  Eat: Chunk             |     9 |       ||     9
Armor: Leather armour    |    20 |     1 ||    21
Dodge: Dodged            |    71 |     4 ||    75
